 Dungeon Crawl Stone Soup version 0.28.0-62-gf88900778d (webtiles) character file.

Game seed: 625077356944489154

620 cbfl8 the Poker (level 7, -4/56 HPs)
             Began as a Merfolk Berserker on Aug 21, 2023.
             Was a Believer of Trog.
             Shot with an arrow by a centaur (5 damage)
             ... on level 5 of the Dungeon.
             The game lasted 00:03:14 (4617 turns).

cbfl8 the Poker (Merfolk Berserker)                 Turns: 4617, Time: 00:03:15

Health: -4/56      AC: 13    Str: 18    XL:     7   Next: 46%
Magic:  7/7        EV:  8    Int:  6    God:    Trog [**....]
Gold:   106        SH:  0    Dex: 15    Spells: 6/6 levels left

rFire   . . .      SeeInvis .   o - +0 quarterstaff
rCold   + . .      Faith    .   (shield currently unavailable)
rNeg    . . .      Spirit   .   a - +2 chain mail {rC+}
rPois   .          Reflect  .   n - +0 helmet
rElec   .          Harm     .   m - +0 cloak
rCorr   .          Rampage  .   (no gloves)
Will    .....                   (no boots)
Stlth   ..........              (no amulet)
HPRegen 0.18/turn               (no ring)
MPRegen 0.10/turn               (no ring)

@: no status effects
A: (nimble swimmer 2), mertail
a: Renounce Religion, Berserk, Trog's Hand


You were on level 5 of the Dungeon.
You worshipped Trog.
Trog was pleased with you.
You visited 1 branch of the dungeon, and saw 5 of its levels.

You collected 106 gold pieces.

Inventory:

Hand Weapons
 o - a +0 quarterstaff (weapon)
Armour
 a - a +2 chain mail of cold resistance (worn)
 m - a +0 cloak (worn)
 n - a +0 helmet (worn)
Wands
 q - a wand of iceblast (8)
Scrolls
 b - 2 scrolls of enchant weapon
 c - 2 scrolls of magic mapping
 d - a scroll of silence
 f - a scroll of enchant armour
 h - a scroll of blinking
 p - a scroll of teleportation {unknown}
Potions
 g - a potion of haste {unknown}
 i - a potion of degeneration {unknown}
 j - 2 potions of brilliance {unknown}
 k - 2 potions of ambrosia {unknown}
 l - a potion of cancellation {unknown}


   Skills:
 + Level 5.0 Fighting
 + Level 7.8(8.1) Polearms
 + Level 1.5(3.2) Staves
 + Level 2.3 Armour
 - Level 2.6 Dodging
 + Level 1.6 Stealth
 * Level 3.3 Evocations


You had 6 spell levels left.
You didn't know any spells.
Your spell library was empty.

Dungeon Overview and Level Annotations

Branches:
Dungeon (5/15)
 Temple: D:4-7

Altars:

Annotations:
D:3 1 transporter, macfelon's ghost, weakling DECj


Innate Abilities, Weirdness & Mutations

((You are very nimble when in or above water. (Stealth+, EV+, Speed+++)))
Your lower body shifts to a powerful aquatic tail in water.


Message History

The bullfrog zombie hits you but does no damage.
You barely miss the bullfrog zombie.
The bullfrog zombie is heavily damaged.
The bullfrog zombie hits you but does no damage.
You sock the bullfrog zombie!
The bullfrog zombie is severely damaged.
The bullfrog zombie hits you but does no damage.
You thump the bullfrog zombie!
You destroy the bullfrog zombie!
Trog accepts your kill.
You start resting.
You feel a strong urge to attack something.
You start resting.
You are no longer berserk.
You are exhausted.
You feel yourself slow down.
You start resting.
You feel yourself speed up.
You start resting.
You recover from your berserk rage.
You start resting.
A centaur comes into view.
A centaur is nearby!
The centaur wields a +0 shortbow.
The centaur shoots an arrow.
The arrow hits you!
* * * LOW HITPOINT WARNING * * *
Things that are here:
a +0 shortbow; 22 arrows; a centaur corpse The centaur shoots an arrow.
The arrow completely misses you.
A centaur is nearby!
A centaur is nearby!
The centaur shoots an arrow.
The arrow barely misses you.
The centaur shoots an arrow.
The arrow hits you.
* * * LOW HITPOINT WARNING * * *
The centaur shoots an arrow.
The arrow hits you!
* * * LOW HITPOINT WARNING * * *
There is a stone staircase leading up, spattered with blood here.
The centaur shoots an arrow.
The arrow hits you but does no damage.
The centaur shoots an arrow.
The arrow hits you.
You die...

.............#.#
###.............
..............##
......[.........
>............# .#
........)...## #.#
...#........# .. .
.>...#.#.#..#####.# ..
...#.....@....##..# ...
#.
#.........c##.###.... #
#.#>..................
#..##.................Z
#..#...........###....#
.............)......#
..##.............#.##
.. #.............#
................


You could see a centaur.

Vanquished Creatures
  Sigmund (D:3)
  An ogre (D:5)
  A centaur (D:5)
  A bullfrog zombie (D:5)
  An orc priest (D:4)
  An iguana (D:4)
  2 orc wizards
  A killer bee zombie (D:5)
  4 adders
  An ufetubus (D:4)
  3 worms (D:4)
  A dart slug (D:2)
  9 orcs
  6 bats
  3 endoplasms (D:2)
  5 giant cockroaches
  4 hobgoblins
  8 jackals
  2 quokkas
  6 ball pythons
  3 frilled lizards (D:1)
  3 goblins
  4 kobolds
  4 rats
75 creatures vanquished.

Notes
Turn   | Place    | Note
-------+----------+-------------------------------------------
     0 | D:1      | cbfl8 the Merfolk Berserker began the quest for the Orb.
     0 | D:1      | Reached XP level 1. HP: 18/18 MP: 1/1
   279 | D:1      | Reached XP level 2. HP: 24/24 MP: 2/2
  1199 | D:2      | Reached skill level 5 in Polearms
  1199 | D:2      | Reached XP level 3. HP: 25/30 MP: 3/3
  1524 | D:2      | Reached skill level 1 in Evocations
  1919 | D:3      | Reached ** piety under Trog
  1964 | D:3      | Noticed Sigmund
  1970 | D:3      | Reached XP level 4. HP: 37/37 MP: 4/4
  1985 | D:3      | Killed Sigmund
  1986 | D:3      | Reached skill level 7 in Polearms
  1986 | D:3      | Reached skill level 1 in Stealth
  1986 | D:3      | Reached XP level 5. HP: 32/43 MP: 5/5
  1986 | D:3      | Reached XP level 6. HP: 36/49 MP: 6/6
  2391 | D:3      | Found a transporter.
  2394 | D:3      | Identified the +5 great mace "Zuadgh Uhuam" {protect,
                  | +Blink rN+ Int+4}
  2394 | D:3      | Noticed macfelon's ghost (weakling DECj)
  3794 | D:5      | Entered Level 5 of the Dungeon
  3818 | D:5      | Reached XP level 7. HP: 14/55 MP: 7/7
  3823 | D:5      | Reached skill level 1 in Staves
  4556 | D:5      | Reached skill level 5 in Fighting
  4615 | D:5      | HP: 1/56 [centaur/arrow (10)]
  4617 | D:5      | Shot with an arrow by a centaur

Illustrated notes

Levels and vault maps discovered:
D:1:      giann_forest_graveyard, layout_basic, minmay_misc_feat_rugged
D:2:      layout_rooms, kennysheep_big_empty_room, minmay_tripent
D:3:      layout_basic, gammafunk_ghost_smash, minmay_fountain_box,
          minmay_misc_feat_x, uniq_sigmund
D:4:      layout_rooms, serial_rivers, chequers_serial_rivers_micro_a,
          chequers_serial_rivers_micro_e, chequers_serial_rivers_large_a,
          chequers_serial_rivers_large_b, chequers_serial_rivers_small_3
D:5:      layout_rooms, st_stairs_9, dk_rats_in_the_wall

Skill      XL: |  1  2  3  4  5  6  7 |
---------------+----------------------+-----
Polearms       | 5 7 |  7.8
Fighting       | 4 5 |  5.0
Evocations     | 1 2 3 |  3.3
Stealth        | 1 |  1.6
Armour         | 2 |  2.3
Staves         | 1 |  1.5
Dodging        | |  2.6

Action                   |  1- 3 |  4- 6 |  7- 9 || total
-------------------------+-------+-------+-------++-------
Melee: Spear             |   126 |   153 |       ||   279
       Punch             |     2 |     2 |       ||     4
       Quarterstaff      |       |    30 |    25 ||    55
Invok: Berserk           |     1 |     1 |     1 ||     3
  Use: Scroll            |     3 |     2 |       ||     5
 Stab: Sleeping          |     3 |       |       ||     3
Armor: Animal skin       |     5 |       |       ||     5
       Chain mail        |    45 |   123 |    25 ||   193
Dodge: Dodged            |    33 |    94 |    23 ||   150
